 Dungeon Crawl Stone Soup version 0.14-a0-1168-gf5005bf (webtiles) character file.

704326 Misa the Petrodigitator (level 27, 126/151 HPs)
             Began as a Gargoyle Earth Elementalist on Sept 27, 2013.
             Was the Champion of Vehumet.
             Quit the game in the Vestibule of Hell on Feb 2, 2014.
             The game lasted 16:20:33 (125981 turns).

Misa the Petrodigitator (GrEE)                    Turns: 125981, Time: 16:20:33

HP 126/151       AC 40     Str 16      XL: 27
MP  46/46        EV 16     Int 32 (33) God: Vehumet [******]
Gold 7160        SH  8     Dex 14      Spells: 14 memorised, 10 levels left

rFire  + + .     SeeInvis .       - Unarmed
rCold  + . .     Clarity  .     v - +3 robe "Nipreihu" {Str+3 Dex+4 Dam+5}
rNeg   + . .     Conserve .     F - +1 buckler {AC+3}
rPois  +         rCorr    .     L - +2 helmet {Int+3}
rElec  +         rRot     +     J - +2 cloak {MR+}
SustAb . .       Spirit   .     E - +3 pair of gauntlets of War {Acc+5 Dam+5}
rMut   .         Warding  .     q - +1 pair of boots "Ijulalaj" {rF++}
Saprov . . .     Stasis   .     H - amulet of the Air {Inacc +Fly rElec EV+5 RMsl}
                                k - ring "Ilian" {+Fly rPois rC+ Stlth+}
                                y - ring of Xilitz {Int+2 Acc+5 Dam+5}

@: repel missiles, flying, very resistant to hostile enchantments,
extraordinarily stealthy
A: large and strong wings, fangs 1, talons 2, life protection 1, electricity
resistance, slow metabolism 1, unbreathing, petrification resistance, AC +20
a: Stop Flying, Renounce Religion
}: 5/15 runes: barnacled, slimy, silver, golden, gossamer


You were in the Vestibule of Hell.
You worshipped Vehumet.
Vehumet was exalted by your worship.
You were completely stuffed.

You visited 13 branches of the dungeon, and saw 75 of its levels.
You also visited: Labyrinth and Volcano.

You collected 9381 gold pieces.
You spent 2241 gold pieces at shops.

Inventory:

Armour
 q - the +1 pair of boots "Ijulalaj" (worn) {rF++}
   (You found it on level 5 of the Vaults)

   It greatly protects you from fire.
 v - the +3 robe "Nipreihu" (worn) {Str+3 Dex+4 Dam+5}
   (You found it on level 20 of the Dungeon)

   It affects your strength (+3).
   It affects your dexterity (+4).
   It affects your damage-dealing abilities (+5).
 E - the +3 pair of gauntlets of War (worn) {Acc+5 Dam+5}
   (You acquired it on level 5 of the Shoals)

   It affects your accuracy (+5).
   It affects your damage-dealing abilities (+5).
 F - a +1 buckler of protection (worn)
 J - a +2 cloak of magic resistance (worn)
 L - a +2 helmet of intelligence (worn)
Magical devices
 n - a wand of teleportation (7)
 o - a wand of teleportation (7)
 D - a wand of disintegration (11)
 M - a wand of digging (15)
Comestibles
 m - 5 bread rations
 G - 3 meat rations
Scrolls
 h - 3 scrolls of blinking
 i - 3 scrolls of noise
 s - 3 scrolls of teleportation
 u - 3 scrolls of fog
 I - 4 scrolls of identify
 K - 5 scrolls of remove curse
 N - a scroll of fear
 P - a scroll of summoning
Jewellery
 e - an uncursed amulet of stasis
 k - the ring "Ilian" (right hand) {+Fly rPois rC+ Stlth+}
   (You took it off a deep elf mage on level 3 of the Elven Halls)

   [ring of protection from cold]

   It protects you from poison.
   It lets you fly.
   It makes you much more stealthy.
 l - an uncursed ring of sustain abilities
 r - an uncursed ring of see invisible
 t - an uncursed ring of protection from fire
 y - the ring of Xilitz (left hand) {Int+2 Acc+5 Dam+5}
   (You found it on level 6 of the Pits of Slime)

   [ring of slaying]

   It affects your accuracy (+5).
   It affects your damage-dealing abilities (+5).
   It affects your intelligence (+2).
 z - an uncursed amulet of resist mutation
 H - the amulet of the Air (around neck) {Inacc +Fly rElec EV+5 RMsl}
   (You found it on level 3 of the Elven Halls)

   [amulet of inaccuracy]

   It affects your evasion (+5).
   It insulates you from electricity.
   It lets you fly.
   It protects you from missiles.
 O - an uncursed ring of wizardry
 Y - an uncursed amulet of clarity
Potions
 f - 3 potions of speed
 g - 5 potions of heal wounds
 w - 3 potions of curing
 x - a potion of restore abilities
 B - 2 potions of resistance
 Q - 2 potions of magic
 S - 3 potions of might
 V - a potion of invisibility
Magical staves
 a - an uncursed staff of energy
 c - an uncursed staff of earth
 p - a cursed staff of power
 C - an uncursed staff of wizardry
Miscellaneous
 T - a crystal ball of energy
Rods
 b - a +9 rod of frigid destruction (17/17)
   (You found it in a labyrinth)
 X - a +6 rod of warding (14/14)
   (You found it on level 3 of the Tomb of the Ancients)


   Skills:
 + Level 9.9 Fighting
   Level 2.0 Axes
 - Level 1.5 Dodging
 - Level 16.1 Stealth
 * Level 8.1 Unarmed Combat
 - Level 19.5 Spellcasting
 - Level 3.1 Charms
 - Level 20.0 Necromancy
 - Level 4.3 Translocations
 - Level 20.1 Transmutations
 O Level 27 Earth Magic
 - Level 12.7 Evocations


You had 10 spell levels left.
You knew the following spells:

 Your Spells              Type           Power        Failure   Level  Hunger
a - Sandblast             Erth           ######       0%          1    None
b - Stone Arrow           Conj/Erth      ######       1%          3    None
c - Lee's Rapid Deconstr  Erth           ########..   0%          5    None
d - Shatter               Erth           ########..   1%          9    ######.
e - Blink                 Tloc           N/A          1%          2    None
f - Apportation           Tloc           ######....   1%          1    None
g - Necromutation         Trmt/Necr      ########..   2%          8    #####..
h - Regeneration          Chrm/Necr      #######...   1%          3    None
i - Iron Shot             Conj/Erth      #######...   1%          6    None
j - Dig                   Erth           ########     0%          4    None
k - Control Teleport      Chrm/Tloc      ######....   2%          4    None
l - Stoneskin             Trmt/Erth      ########..   0%          2    None
m - Swiftness             Chrm/Air       #####...     1%          2    None
n - Dispel Undead         Necr           ########     0%          5    None


Dungeon Overview and Level Annotations

Branches:
Dungeon (27/27)            Temple (1/1) D:6             Orc (4/4) D:6
    Elf (3/3) Orc:4          Lair (8/8) D:11         Shoals (5/5) Lair:4
 Spider (5/5) Lair:6        Slime (6/6) Lair:6       Vaults (5/5) D:15
  Blade (0/1) Vaults:3       Tomb (3/3) Forest:2        Dis (0/7) Hell
    Geh (0/7) Hell            Coc (0/7) Hell            Tar (2/7) Hell
    Zot (0/5) D:27         Forest (5/5) Vaults:3
 Depths: D:16

Altars:
Ashenzari
Cheibriados
Elyvilon
Fedhas
Kikubaaqudgha
Makhleb
Nemelex Xobeh
Okawaru
Sif Muna
Trog
Vehumet
Xom
Yredelemnul
Zin
the Shining One
Beogh
Jiyva

Shops:
D:5 [[[*   D:14 (   D:22 (*   Orc:4 [!!/[   Elf:3 }   Vaults:3 (   Vaults:5 ?

Portals:
Hell: D:21 D:22 D:23 D:24 D:25 D:26 D:27
Abyss: D:24 D:25 D:27
Pandemonium: D:24 D:25 D:27
Ziggurat: D:13 (7790 gp) D:18 (3790 gp)

Annotations:
D:3 exclusion: downstairs
D:5 exclusion: downstairs
D:6 exclusion: 2 doors
D:8 exclusion: downstairs
D:9 necronom
D:15 exclusion: downstairs
D:20 Sojobo
Elf:1 !Azrael, 6 exclusions
Lair:3 exclusion: downstairs
Lair:8 exclusions: oklob plant and 1 more exclusion
Shoals:4 exclusion: downstairs
Slime:2 exclusion: 2 upstairs
Slime:3 exclusion: upstairs
Slime:4 exclusions: downstairs and 2 upstairs
Slime:5 exclusions: downstairs and upstairs
Slime:6 Royal Jelly
Vaults:2 1 exclusion
Tomb:2 exclusion: 2 upstairs
Forest:2 exclusion: downstairs
Forest:3 Boris


Innate Abilities, Weirdness & Mutations

You are resistant to torment.
You are immune to poison.
You can fly continuously.
Your stone body is very resilient (AC +20).*
Your wings are large and strong.*
You have very sharp teeth.*
You have razor-sharp toenails.*
You resist negative energy.
You are resistant to electric shocks.*
You have a slow metabolism.
You can survive without breathing.*
You are immune to petrification.


Message History

Vehumet says: Let it end in hellfire!
Press ? for a list of commands and other information.
Unknown command.
Unknown command.
Saving game... please wait.
Welcome back, Misa the Gargoyle Earth Elementalist.
Vehumet says: Let it end in hellfire!
Press ? for a list of commands and other information.
Saving game... please wait.
Welcome back, Misa the Gargoyle Earth Elementalist.
Vehumet says: Let it end in hellfire!
Press ? for a list of commands and other information.
Unknown command.
Wear which item? (? for menu, Esc to quit)
Okay, then.
Quiver which item? (- for none, * to show all) (? for menu, Esc to quit)
Okay, then.
Drink which item? (? for menu, Esc to quit)
Okay, then.
Are you sure you want to abandon this character and quit the game? (Confirm with "yes".)

...........##.#...#.##...........
..........#.#.......##...........
..........##..#...#..###.........
........###............#.........
........##....#...#..............
.......#...............##........
.......##...#.......#...##.......
.......##...............##.......
........#...#...@...#...#........
.......##........................
#################################


There were no monsters in sight!

Vanquished Creatures
  An ancient lich (D:25)
  36 greater mummies
  Saint Roka (Vaults:2)
  Margery (Vaults:3)
  Norris (Shoals:4)
  the Enchantress (Forest:5)
  Mara (D:24)
  Geryon (Hell)
  Jory (Forest:2)
  Xtahua (Vaults:5)
  A bone dragon (D:27)
  Nikola (D:16)
  A lich (D:24)
  5 tentacled monstrosities
  The ghost of inmateoo the Peltast, a mighty DDFi of Makhleb (D:20)
  2 deep elf blademasters (Elf:3)
  2 titans
  24 acid blobs
  A kraken (Shoals:5)
  3 deep elf master archers (Elf:3)
  2 thorn hunters
  Polyphemus (Shoals:2)
  3 storm dragons
  7 sphinxes
  Rupert (D:15)
  7 tengu reavers
  Frances (D:19)
  9 shadow dragons
  Kirke (Shoals:1)
  Roxanne (Shoals:4)
  Ilsuiw (Shoals:5)
  7 frost giants
  Donald (Forest:1)
  2 draconian scorchers (D:27)
  Wiglaf (D:19)
  11 vault wardens
  10 deep elf sorcerers
  7 fire giants
  A cacodemon (Hell)
  A draconian zealot (D:27)
  A draconian knight (D:27)
  Aizul (Elf:3)
  Louise (D:19)
  12 azure jellies
  4 emperor scorpions (Spider:5)
  3 ghost moths
  An orc warlord (Vaults:4)
  Gastronok (Orc:4)
  Jorgrun (Shoals:5)
  7 ancient bears
  15 reapers
  A draconian annihilator (D:25)
  34 stone giants
  4 grey draconians
  4 deep elf demonologists (Elf:3)
  A green draconian (D:27)
  7 treants
  3 spriggan defenders (Forest:5)
  5 satyrs
  2 red draconians (D:27)
  5 elemental wellsprings
  A dire elephant (Forest:5)
  2 white draconians
  A lorocyproca (Hell)
  A vampire knight (D:24)
  14 deep elf annihilators
  A yellow draconian (D:27)
  5 merfolk javelineers (Shoals:5)
  14 spriggan air magi
  3 jiangshi (Tomb:1)
  5 deep elf death magi
  5 merfolk impalers (Shoals:5)
  12 ettins
  Snorg (D:14)
  A minotaur (Lab)
  7 deep elf high priests
  11 ironheart preservers
  7 sirens
  The ghost of prkl the Severer, a powerful DsBe of Trog (Lair:3)
  43 yaktaur captains
  3 fire dragons
  9 great orbs of eyes
  The ghost of Sachiko the Grappler, a powerful TrMo (Lair:6)
  11 death oozes (Slime:6)
  15 hydras
  36 vault guards
  32 mummy priests
  Fannar (D:13)
  17 ogre magi
  A ravenous feature mimic (D:21)
  A ravenous item mimic (D:22)
  Harold (Orc:3)
  Josephine (D:15)
  3 merfolk aquamancers
  A hydra (shapeshifter) (Vaults:2)
  An ice dragon (D:18)
  Nessos (Orc:3)
  A spriggan zombie (D:24)
  4 spriggan berserkers
  2 spriggan enchanters (Forest:3)
  8 deep troll earth magi
  An anaconda (Forest:2)
  2 spriggan assassins
  An anaconda (shapeshifter) (D:23)
  2 spriggan druids
  4 death yaks
  6 deep troll shamans
  2 hell hogs (Hell)
  4 dancing weapons
  5 rakshasas
  33 centaur warriors
  8 orc high priests
  2 naga warriors (D:24)
  3 vampire magi
  Urug (D:12)
  4 sun demons
  5 soul eaters
  17 hell knights
  2 iron golems (Hell)
  7 dryads
  Nergalle (D:12)
  A catoblepas (Shoals:2)
  9 iron trolls
  7 very ugly things
  5 water nymphs
  2 shadow wraiths
  19 deep trolls
  3 ice devils (Hell)
  34 deep elf knights
  A giant orange brain (Vaults:3)
  A death drake (shapeshifter) (D:21)
  8 sea snakes
  3 flayed ghosts
  36 fauns
  2 ice statues (Hell)
  2 shadow dragon zombies (Tar:1)
  Erolcha (Orc:2)
  9 unseen horrors
  14 giant amoebae
  A sphinx zombie (Vaults:1)
  19 hill giants
  A hellion (Hell)
  A wolf spider zombie (Hell)
  4 wizards
  3 necromancers
  18 cyclopes
  Joseph (D:11)
  11 deep elf conjurers
  16 harpies
  12 red wasps
  19 ironbrand convokers
  8 flaming corpses
  3 hell beasts (Hell)
  10 griffons
  27 orc knights
  2 fire giant zombies (Tomb:1)
  8 phantasmal warriors
  8 orc sorcerers
  8 stone giant zombies
  A frost giant zombie (Vaults:2)
  2 oklob plants
  44 wolf spiders
  6 shining eyes
  A harpy (shapeshifter) (Vaults:5)
  12 elephants
  An elephant (shapeshifter) (D:20)
  2 fire giant skeletons
  5 black mambas
  3 spiny worms
  12 deep elf summoners
  14 stone giant skeletons
  A black mamba (shapeshifter) (D:20)
  9 vault sentinels
  5 sixfirhies
  A tormentor (Tar:1)
  4 frost giant skeletons
  17 spiny frogs
  A spirit wolf (Forest:5)
  2 guardian serpents (D:24)
  An eye of devastation (Slime:4)
  An elf zombie (D:24)
  A feature mimic (Elf:3)
  5 orange demons
  An item mimic (D:12)
  A redback zombie (Tomb:3)
  2 spectral humans (Hell)
  85 yaktaurs
  4 smoke demons (Hell)
  A spectral deep troll (Tomb:1)
  4 iron troll zombies
  9 demonic crawlers
  A small abomination (Elf:3)
  A naga mage (D:25)
  10 deep elf priests
  15 mermaids
  2 tengu conjurers (D:25)
  9 komodo dragons
  19 orb spiders
  112 guardian mummies
  3 fire drakes
  4 iron troll skeletons
  3 jumping spiders (shapeshifter)
  A troll (shapeshifter) (D:22)
  5 iron devils
  5 blue devils
  34 jumping spiders
  31 two-headed ogres
  7 polar bears
  4 wind drakes
  4 red devils (Hell)
  2 efreet (D:24)
  18 giant fireflies
  11 thorn lotuses
  A queen bee (shapeshifter) (D:14)
  27 spriggans
  A death drake zombie (Tar:1)
  2 slime creatures (shapeshifter)
  2 spriggans (shapeshifter)
  A harpy skeleton (D:17)
  A komodo dragon (shapeshifter) (Vaults:2)
  Prince Ribbit (D:4)
  20 trolls
  A wolf spider simulacrum (D:19)
  80 slime creatures
  A death drake skeleton (Tar:2)
  A stone giant simulacrum (Tomb:3)
  A brown ooze (shapeshifter) (D:22)
  2 griffon zombies
  An ettin zombie (Vaults:3)
  22 snapping turtles
  29 trapdoor spiders
  13 grizzly bears
  2 ynoxinuls
  14 air elementals
  12 blink frogs
  11 boulder beetles
  9 brown oozes
  130 ugly things
  An octopode (shapeshifter) (Vaults:3)
  35 flying skulls
  A griffon skeleton (D:14)
  8 metal gargoyles (Hell)
  67 redbacks
  A redback (shapeshifter) (D:27)
  2 wraiths
  34 tarantellas
  3 basilisks
  A guardian serpent skeleton (D:24)
  An ice dragon skeleton (D:18)
  An octopode (D:24)
  An orc zombie (D:24)
  38 water elementals
  4 hogs
  15 shadows
  71 yaks
  3 chaos spawn
  38 deep elf magi
  2 hill giant zombies
  4 ettin skeletons
  2 golden eyes (shapeshifter)
  13 vampires
  3 elephant slugs
  Eustachio (D:4)
  7 wyverns
  A redback simulacrum (D:15)
  A frost giant simulacrum (Tomb:1)
  4 hungry ghosts
  Grum (D:8)
  A merfolk (shapeshifter) (Vaults:5)
  24 vampire mosquitoes
  A steam dragon (D:8)
  53 merfolk
  19 hippogriffs
  A white draconian simulacrum (Tomb:1)
  3 spectral elves
  9 golden eyes
  2 neqoxecs
  9 sharks
  34 deep elf fighters
  An agate snail zombie (Hell)
  A hill giant skeleton (D:15)
  A deep troll zombie (D:22)
  10 mottled dragons
  6 removed
  MONS_ROCK_WORMs Edmund (D:9)
  9 freezing wraiths
  An iron troll simulacrum (Tomb:3)
  33 wolves
  2 wolves (shapeshifter)
  10 manticores
  A soldier ant (shapeshifter) (Vaults:1)
  A swamp drake (Lair:8)
  2 deep troll skeletons
  A red wasp simulacrum (D:16)
  2 soldier ants
  4 hell hounds
  A human zombie (Hell)
  64 orc warriors
  10 necrophages
  7 ice beasts
  13 porcupines
  2 swamp drakes (shapeshifter)
  2 kobold demonologists (D:22)
  A trapdoor spider simulacrum (D:15)
  9 black bears
  3 sky beasts
  An ettin simulacrum (Tomb:1)
  8 boring beetles
  3 phantoms
  A rotting devil (Tomb:1)
  14 giant goldfish
  33 centaurs
  3 lava worms (D:16)
  82 ogres
  12 yellow wasps
  A boring beetle (shapeshifter) (Vaults:5)
  16 crocodiles
  2 ugly thing zombies (Hell)
  10 big kobolds
  12 giant slugs
  A giant slug zombie (D:16)
  A naga skeleton (D:24)
  A giant slug (shapeshifter) (D:20)
  2 lost souls (Elf:3)
  21 wargs
  Blork the orc (D:4)
  A gnoll sergeant (D:10)
  9 agate snails
  24 giant frogs
  2 yaktaur skeletons
  12 water moccasins
  An agate snail simulacrum (D:16)
  3 cyclops zombies
  A cyclops skeleton (D:13)
  A yak zombie (D:15)
  2 boulder beetle zombies
  24 killer bees
  7 eyes of draining
  7 lava fish
  18 wights
  A removed MONS_ROCK_WORM zombie (D:11)
  A troll zombie (D:14)
  9 electric eels
  14 jellyfish
  29 jellies
  4 lava snakes (D:16)
  18 hounds
  21 big fish
  15 crimson imps
  A centaur skeleton (D:7)
  4 goliath beetles
  26 spiders
  A two-headed ogre zombie (D:13)
  A basilisk zombie (D:15)
  36 orc priests
  7 scorpions
  12 iguanas
  39 orc wizards
  3 orange rats (Elf:3)
  2 shapeshifter simulacra
  12 worker ants
  17 sheep
  2 big kobold zombies
  A mottled dragon zombie (D:15)
  A tengu zombie (Tomb:2)
  A mottled dragon skeleton (D:17)
  5 boggarts
  An octopode simulacrum (Tomb:1)
  A big kobold skeleton (D:9)
  Terence (D:3)
  35 mummies
  An ogre skeleton (D:9)
  25 adders
  A big fish zombie (D:2)
  A brain worm simulacrum (D:16)
  A giant centipede (shapeshifter) (D:20)
  17 gnolls
  37 green rats
  A worm zombie (D:5)
  6 giant centipedes
  3 white imps
  A goliath beetle zombie (D:8)
  7 worms
  7 giant mites
  5 ufetubi
  2 grey rats (Orc:4)
  2 iguana zombies
  6 giant eyeballs
  14 giant geckos
  5 oozes
  253 orcs
  3 ball pythons
  29 bats
  A bat skeleton (D:6)
  4 giant cockroaches
  19 goblins
  20 hobgoblins
  19 jackals
  51 kobolds
  20 quokkas
  6 giant newts
  4 giant spores
  3 illusory rakshasas (D:17)
  An orc skeleton (D:10)
  22 rats
  3 rat skeletons
  10 ballistomycetes
  A butterfly (Forest:1)
  6 crawling corpses (Elf:3)
  11 fungi
  93 plants
  5 snaplasher vines
  A snaplasher vine segment (Forest:3)
  4 tentacles (Shoals:5)
  2 tentacle segments (Shoals:5)
4059 creatures vanquished.

Vanquished Creatures (collateral kills)
  A death ooze (Slime:6)
1 creature vanquished.

Vanquished Creatures (others)
  2 tengu reavers
  A stone giant zombie (D:22)
  3 water elementals (Slime:6)
  A guardian mummy (Tomb:2)
  A chimera (Slime:6)
  A slime creature (D:22)
  A trapdoor spider (Slime:6)
  A redback (Slime:6)
  An ettin skeleton (Tomb:2)
  A spider (shapeshifter) (Vaults:5)
  A two-headed ogre skeleton (D:14)
  8 mummies
  An orc (Orc:1)
  14 fungi
  23 plants
  A snaplasher vine (Forest:3)
  442 snaplasher vine segments
  10 tentacles (Shoals:5)
  76 tentacle segments (Shoals:5)
589 creatures vanquished.

Grand Total: 4649 creatures vanquished

Notes
Turn   | Place    | Note
--------------------------------------------------------------
     0 | D:1      | Misa, the Gargoyle Earth Elementalist, began the quest for the Orb.
     0 | D:1      | Reached XP level 1. HP: 10/10 MP: 3/3
   141 | D:1      | Reached skill level 4 in Earth Magic
   398 | D:1      | Reached XP level 2. HP: 15/15 MP: 4/4
  1139 | D:2      | Reached XP level 3. HP: 19/19 MP: 4/6
  1230 | D:2      | Learned a level 3 spell: Stone Arrow
  1609 | D:2      | Found a basalt altar of Yredelemnul.
  1722 | D:3      | Reached skill level 5 in Earth Magic
  1806 | D:3      | Noticed Terence
  1861 | D:3      | Killed Terence
  1861 | D:3      | Reached XP level 4. HP: 20/24 MP: 0/8
  2940 | D:4      | Reached skill level 6 in Earth Magic
  2940 | D:4      | Reached XP level 5. HP: 22/28 MP: 1/10
  3114 | D:4      | Noticed Blork the orc
  3167 | D:4      | Noticed Prince Ribbit
  3641 | D:3      | Reached XP level 6. HP: 32/32 MP: 8/12
  3651 | D:3      | Learned a level 5 spell: Lee's Rapid Deconstruction
  3914 | D:4      | Killed Blork the orc
  3914 | D:4      | Reached skill level 7 in Earth Magic
  4000 | D:4      | Noticed a sky beast
  4018 | D:4      | Killed a sky beast
  4362 | D:4      | Noticed an ogre
  4370 | D:4      | Noticed an ogre
  4379 | D:4      | Noticed Eustachio
  4382 | D:5      | Entered Level 5 of the Dungeon
  4393 | D:5      | Reached XP level 7. HP: 36/36 MP: 8/15
  4579 | D:5      | Reached skill level 8 in Earth Magic
  4630 | D:5      | Found Kluutula's Armour Emporium.
  4667 | D:5      | Found a burning altar of Makhleb.
  4675 | D:5      | Found Ashra's Antique Armour Boutique.
  5068 | D:4      | Killed Prince Ribbit
  5068 | D:4      | Reached skill level 9 in Earth Magic
  5465 | D:4      | Reached XP level 8. HP: 33/41 MP: 2/18
  5634 | D:4      | Killed an ogre
  5780 | D:4      | Killed an ogre
  6143 | D:5      | Reached skill level 5 in Spellcasting
  6328 | D:5      | Reached skill level 10 in Earth Magic
  6704 | D:5      | Found Ytausu's General Store.
  6730 | D:5      | Bought a scroll of identify for 28 gold pieces
  6769 | D:5      | Found Plalilul's Antique Armour Emporium.
  6778 | D:5      | Bought a glowing orcish robe for 9 gold pieces
  6885 | D:6      | Found a staircase to the Orcish Mines.
  6929 | D:6      | Noticed a cyclops
  7307 | D:5      | Reached skill level 11 in Earth Magic
  7888 | D:6      | Reached XP level 9. HP: 35/45 MP: 15/21
  8007 | D:6      | Found a staircase to the Ecumenical Temple.
  8018 | Temple   | Entered the Ecumenical Temple
  8225 | D:6      | Found a radiant altar of Vehumet.
  8234 | D:6      | Found a glowing silver altar of Zin.
  8237 | D:6      | Became a worshipper of Vehumet
  8488 | D:6      | Reached skill level 12 in Earth Magic
  9211 | D:7      | Acquired Vehumet's first power
  9211 | D:7      | Offered knowledge of Sting by Vehumet.
  9450 | D:7      | Reached skill level 13 in Earth Magic
  9843 | D:7      | Reached XP level 10. HP: 40/50 MP: 14/24
  9928 | D:7      | Noticed a spriggan baker
  9930 | D:7      | Killed a spriggan baker
 10288 | D:8      | Offered knowledge of Magic Dart by Vehumet.
 10526 | D:8      | Gained mutation: You are agile. (Dex +2) [potion of beneficial mutation]
 10553 | D:8      | Found a sparkling altar of Nemelex Xobeh.
 10656 | D:8      | Reached skill level 14 in Earth Magic
 10772 | D:8      | Noticed Grum
 10776 | D:8      | Killed Grum
 11297 | D:8      | Offered knowledge of Dazzling Spray by Vehumet.
 11480 | D:8      | Found a shattered altar of Ashenzari.
 11599 | D:8      | Acquired Vehumet's second power
 11638 | D:9      | Noticed Joseph
 11753 | D:9      | Reached skill level 1 in Fighting
 11759 | D:9      | Reached skill level 1 in Axes
 11759 | D:9      | Reached skill level 15 in Earth Magic
 11948 | D:8      | Reached XP level 11. HP: 56/56 MP: 11/27
 11952 | D:8      | Offered knowledge of Inner Flame by Vehumet.
 12400 | D:9      | Acquired Vehumet's third power
 12405 | D:9      | Offered knowledge of Fulminant Prism by Vehumet.
 12742 | D:9      | Noticed Edmund
 12749 | D:9      | Killed Edmund
 12843 | D:9      | Identified a scroll of acquirement
 12858 | D:9      | Learned a level 9 spell: Shatter
 12990 | D:9      | Found a burning altar of Makhleb.
 13455 | D:10     | Entered Level 10 of the Dungeon
 14580 | D:10     | Reached skill level 16 in Earth Magic
 14700 | D:10     | Killed an unseen horror
 14700 | D:10     | Reached skill level 5 in Fighting
 15076 | D:10     | Offered knowledge of Iskenderun's Battlesphere by Vehumet.
 15349 | D:11     | Noticed a hill giant
 15356 | D:11     | Killed a hill giant
 15358 | D:11     | Paralysed by a giant eyeball for 4 turns
 15512 | D:11     | Found a labyrinth entrance.
 15522 | Lab      | Entered a labyrinth
 15715 | Lab      | Noticed a minotaur
 15729 | Lab      | Killed a minotaur
 15759 | D:11     | Identified a +5 rod of frigid destruction (11/11) (You found it in a labyrinth)
 15775 | D:11     | Killed Joseph
 15975 | D:11     | Reached skill level 1 in Evocations
 15975 | D:11     | Reached XP level 12. HP: 66/66 MP: 14/28
 16233 | D:11     | Found a staircase to the Lair.
 16237 | D:11     | Reached skill level 17 in Earth Magic
 16646 | Lair:1   | Entered Level 1 of the Lair of Beasts
 17183 | Lair:1   | Noticed an eight-headed hydra
 17199 | Lair:1   | Killed an eight-headed hydra
 17302 | Lair:1   | Reached skill level 5 in Evocations
 18024 | Lair:1   | Paralysed by you for 3 turns
 18599 | Lair:2   | Learned a level 2 spell: Blink
 18601 | Lair:2   | Learned a level 1 spell: Apportation
 18763 | Lair:2   | Reached skill level 1 in Translocations
 19810 | Lair:3   | Noticed prkl's ghost (powerful DsBe)
 20098 | Lair:3   | Found a burning altar of Makhleb.
 20157 | Lair:3   | Found a dark tunnel.
 20166 | Volcano  | Entered a volcano
 21125 | Lair:4   | Found a staircase to the Shoals.
 21125 | Lair:4   | Noticed an eight-headed hydra
 21294 | Lair:4   | Reached XP level 13. HP: 71/71 MP: 13/29
 21317 | Lair:4   | Offered knowledge of Bolt of Magma by Vehumet.
 21458 | Lair:4   | Killed an eight-headed hydra
 24758 | Lair:6   | Found a staircase to the Slime Pits.
 25087 | Lair:6   | Offered knowledge of Bolt of Fire by Vehumet.
 25213 | Lair:6   | Found a hole to the Spider Nest.
 25266 | Lair:6   | Reached skill level 18 in Earth Magic
 26471 | Lair:3   | Killed prkl's ghost
 26696 | Lair:6   | Reached skill level 10 in Spellcasting
 27229 | Lair:6   | Noticed Sachiko's ghost (powerful TrMo)
 27249 | Lair:6   | Killed Sachiko's ghost
 27579 | Lair:7   | Reached skill level 10 in Evocations
 27722 | Lair:7   | Gained mutation: Your wings are large and strong. [gargoyle growth]
 27722 | Lair:7   | Reached XP level 14. HP: 78/78 MP: 23/31
 28627 | Lair:7   | Offered knowledge of Ozocubu's Refrigeration by Vehumet.
 28629 | Lair:8   | Entered Level 8 of the Lair of Beasts
 29102 | Lair:7   | Reached skill level 19 in Earth Magic
 29497 | Lair:8   | Found a blossoming altar of Fedhas.
 30804 | Lair:8   | Gained mutation: You need consume almost no food. [potion of beneficial mutation]
 32310 | Lair:8   | Reached skill level 20 in Earth Magic
 33755 | Orc:1    | Entered Level 1 of the Orcish Mines
 33765 | Orc:1    | Offered knowledge of Iron Shot by Vehumet.
 34214 | Orc:3    | Noticed Harold
 35017 | Orc:3    | Found a bloodstained altar of Trog.
 35017 | Orc:3    | Noticed Nessos
 35159 | Orc:3    | Killed Harold
 35417 | Orc:3    | Killed Nessos
 35798 | Orc:4    | Entered Level 4 of the Orcish Mines
 35817 | Orc:4    | Found Araehas' Antique Armour Emporium.
 35972 | Orc:4    | Reached XP level 15. HP: 84/84 MP: 9/33
 36257 | Orc:4    | Found a shimmering altar of Xom.
 36399 | Orc:4    | Offered knowledge of Bolt of Cold by Vehumet.
 36851 | Orc:4    | Found Ogitil's Distillery.
 37075 | Orc:4    | Found Loxzifim's Food Boutique.
 37100 | Orc:4    | Bought a potion of degeneration for 32 gold pieces
 37395 | Orc:4    | Bought a buckler for 57 gold pieces
 37395 | Orc:4    | Bought a wizard robe for 131 gold pieces
 37410 | Orc:3    | Identified the +1 robe of Gravity {+Rage Dex+2} (You bought it in a shop on level 4 of the Orcish Mines)
 37507 | Orc:4    | Noticed Gastronok
 37511 | Orc:4    | Killed Gastronok
 37677 | Orc:4    | Reached skill level 21 in Earth Magic
 37843 | Orc:4    | Found Angauss' Distillery.
 37849 | Orc:4    | Found Awnafut's Magical Wand Shoppe.
 37851 | Orc:4    | Found a staircase to the Elven Halls.
 37912 | Orc:4    | Found Wiagel's Antique Armour Emporium.
 37914 | Orc:4    | Found Kluulyad's Food Shoppe.
 37969 | Orc:4    | Found a roughly hewn altar of Beogh.
 38356 | Orc:1    | Noticed Erolcha
 38367 | Orc:2    | Killed Erolcha
 38509 | Orc:1    | Offered knowledge of Orb of Destruction by Vehumet.
 38582 | Orc:2    | Learned a level 7 spell: Orb of Destruction
 39642 | D:12     | Noticed Urug
 39645 | D:12     | Killed Urug
 39789 | D:12     | Noticed Nergalle
 39795 | D:12     | Killed Nergalle
 40475 | D:13     | Noticed Fannar
 40478 | D:13     | Killed Fannar
 40994 | D:13     | Found a gateway to a ziggurat.
 41503 | D:14     | Entered Level 14 of the Dungeon
 41521 | D:14     | Found Woraniac's Antique Weapon Emporium.
 41835 | D:14     | Lost mutation: You need consume almost no food. [mutagenic glow]
 42633 | D:14     | Noticed Snorg
 42639 | D:14     | Killed Snorg
 43223 | D:15     | Entered Level 15 of the Dungeon
 43453 | D:15     | Noticed Josephine
 43533 | D:15     | Reached skill level 22 in Earth Magic
 43533 | D:15     | Killed Josephine
 43705 | D:15     | Noticed Rupert
 43780 | D:15     | Offered knowledge of Lehudib's Crystal Spear by Vehumet.
 43780 | D:15     | Offered knowledge of Fire Storm by Vehumet.
 43780 | D:15     | Offered knowledge of Ice Storm by Vehumet.
 44075 | D:15     | Killed Rupert
 44075 | D:15     | Reached XP level 16. HP: 78/89 MP: 10/35
 44644 | D:15     | Found a staircase to the Vaults.
 44952 | D:16     | Found an iron altar of Okawaru.
 44952 | D:16     | Noticed Nikola
 45107 | D:16     | Killed Nikola
 45275 | D:16     | Got an opalescent robe
 45289 | D:15     | Identified the cursed -5 robe "Clolaril" {rElec} (You found it on level 16 of the Dungeon)
 45506 | Lair:2   | Learned a level 3 spell: Regeneration
 45716 | Elf:1    | Entered Level 1 of the Elven Halls
 45836 | Elf:1    | Learned a level 6 spell: Iron Shot
 45891 | Elf:1    | Learned a level 4 spell: Dig
 45949 | Elf:1    | Reached skill level 1 in Necromancy
 46288 | Elf:1    | Reached skill level 23 in Earth Magic
 46742 | Elf:3    | Entered Level 3 of the Elven Halls
 48255 | Elf:3    | Noticed Aizul
 48290 | Elf:3    | Killed Aizul
 48597 | Elf:3    | Found Ysairos' Gadget Shoppe.
 49137 | Elf:2    | Reached XP level 17. HP: 94/94 MP: 29/36
 50394 | Orc:4    | Bought an apple for 9 gold pieces
 50394 | Orc:4    | Bought an apple for 9 gold pieces
 50394 | Orc:4    | Bought a bread ration for 48 gold pieces
 50394 | Orc:4    | Bought a bread ration for 48 gold pieces
 50394 | Orc:4    | Bought a choko for 4 gold pieces
 50394 | Orc:4    | Bought a bread ration for 48 gold pieces
 50394 | Orc:4    | Bought a meat ration for 48 gold pieces
 50394 | Orc:4    | Bought a meat ration for 48 gold pieces
 50394 | Orc:4    | Bought a bread ration for 48 gold pieces
 50394 | Orc:4    | Bought a choko for 4 gold pieces
 50394 | Orc:4    | Bought a bread ration for 48 gold pieces
 50394 | Orc:4    | Bought a bread ration for 48 gold pieces
 50888 | Elf:3    | Got a shimmering pewter ring
 50890 | Elf:3    | Identified the ring "Ilian" {+Fly rPois rC+ Stlth+} (You took it off a deep elf mage on level 3 of the Elven Halls)
 50927 | Elf:3    | Reached skill level 24 in Earth Magic
 51181 | Elf:2    | Identified a +5 rod of destruction (10/10) (You took it off a deep elf knight on level 3 of the Elven Halls)
 51351 | Elf:3    | Reached skill level 5 in Necromancy
 51931 | Elf:3    | Noticed a deep elf blademaster
 51985 | Elf:3    | Noticed a deep elf master archer
 51992 | Elf:3    | Killed a deep elf master archer
 52025 | Elf:3    | Noticed a deep elf master archer
 52028 | Elf:3    | Killed a deep elf master archer
 52072 | Elf:3    | Noticed a deep elf blademaster
 52118 | Elf:3    | Killed a deep elf blademaster
 52329 | Elf:3    | Noticed a deep elf master archer
 52331 | Elf:3    | Killed a deep elf master archer
 52339 | Elf:3    | Killed a deep elf blademaster
 52575 | Elf:3    | Got a pair of fine boots
 52578 | Elf:3    | Identified the cursed -3 pair of boots "Leycvoip" {Str+3 Int-2} (You found it on level 3 of the Elven Halls)
 53502 | D:5      | Bought a pair of boots for 40 gold pieces
 53709 | D:5      | Bought a meat ration for 56 gold pieces
 53709 | D:5      | Bought a scroll of remove curse for 42 gold pieces
 53709 | D:5      | Bought a scroll of amnesia for 77 gold pieces
 53709 | D:5      | Bought a bread ration for 56 gold pieces
 53709 | D:5      | Bought a +1 ring of protection for 42 gold pieces
 54207 | D:16     | Reached XP level 18. HP: 100/100 MP: 13/38
 55628 | D:17     | Reached skill level 25 in Earth Magic
 57213 | D:18     | Found a gateway to a ziggurat.
 57767 | D:18     | Found a burning altar of Makhleb.
 58031 | D:19     | Noticed Frances
 58100 | D:19     | Killed Frances
 58512 | D:19     | Noticed Louise
 58517 | D:19     | Killed Louise
 58604 | D:19     | Noticed Wiglaf
 58828 | D:19     | Got a smoking leather armour
 58853 | D:18     | Identified the cursed -2 leather armour of the Crypt {rN+ MR++} (You found it on level 19 of the Dungeon)
 59180 | D:20     | Entered Level 20 of the Dungeon
 59182 | D:20     | Noticed a tentacled monstrosity
 59256 | D:20     | Reached skill level 15 in Spellcasting
 59265 | D:20     | Got a slimy robe
 59328 | D:19     | Identified the +3 robe "Nipreihu" {Str+3 Dex+4 Dam+5} (You found it on level 20 of the Dungeon)
 59938 | D:20     | Killed a tentacled monstrosity
 60009 | D:20     | Reached XP level 19. HP: 95/104 MP: 10/39
 60392 | D:20     | Noticed inmateoo's ghost (mighty DDFi)
 60597 | D:20     | Noticed Sojobo
 61076 | D:20     | Reached skill level 26 in Earth Magic
 61711 | Shoals:1 | Entered Level 1 of the Shoals
 62809 | Shoals:2 | Noticed Polyphemus
 63340 | Shoals:2 | Killed Polyphemus
 63486 | Shoals:2 | Found an ancient bone altar of Kikubaaqudgha.
 64886 | Shoals:5 | Entered Level 5 of the Shoals
 64886 | Shoals:5 | Noticed Jorgrun
 64934 | Shoals:4 | Learned a level 4 spell: Control Teleport
 64981 | Shoals:4 | Noticed Norris
 64987 | Shoals:4 | Killed Norris
 65851 | Shoals:4 | Noticed Roxanne
 65860 | Shoals:4 | Killed Roxanne
 65934 | Shoals:4 | Identified Roxanne's Catalogue of Shifting Stones (You took it off Roxanne on level 4 of the Shoals)
 66209 | Shoals:4 | Reached skill level 1 in Charms
 66740 | Shoals:5 | Got a barnacled rune of Zot
 66806 | Shoals:5 | Noticed Ilsuiw
 68277 | Shoals:2 | Reached XP level 20. HP: 110/110 MP: 36/40
 68302 | Shoals:1 | Noticed Kirke
 68311 | Shoals:1 | Killed Kirke
 68611 | Vaults:1 | Entered Level 1 of the Vaults
 69280 | Vaults:1 | Reached skill level 27 in Earth Magic
 70315 | Vaults:1 | Reached skill level 10 in Necromancy
 71392 | Vaults:2 | Noticed Saint Roka
 71498 | Vaults:2 | Killed Saint Roka
 73679 | Vaults:3 | Reached XP level 21. HP: 115/115 MP: 31/41
 74196 | Vaults:3 | Found Saba's Weapon Boutique.
 74303 | Vaults:3 | Found a staircase to the Enchanted Forest.
 74744 | Vaults:3 | Gained mutation: You cover ground slowly. [mutagenic glow]
 74765 | Vaults:3 | Gained mutation: Your body is slowly deteriorating. [mutagenic glow]
 75465 | Lair:2   | Lost mutation: You are agile. (Dex +2) [potion of cure mutation]
 75465 | Lair:2   | Lost mutation: Your body is slowly deteriorating. [potion of cure mutation]
 75465 | Lair:2   | Lost mutation: You cover ground slowly. [potion of cure mutation]
 76061 | Lair:2   | Learned a level 2 spell: Stoneskin
 76334 | Vaults:2 | Reached skill level 1 in Transmutations
 77321 | Vaults:3 | Noticed Margery
 77330 | Vaults:3 | Killed Margery
 77754 | Vaults:3 | Found a staircase to the Hall of Blades.
 80810 | Vaults:4 | Reached skill level 5 in Transmutations
 81026 | Vaults:5 | Entered Level 5 of the Vaults
 81027 | Vaults:5 | Reached XP level 22. HP: 120/120 MP: 43/43
 81119 | Vaults:4 | Upgraded the game from 0.14-a0-30-gf0b6e91 to 0.14-a0-40-g75911bd
 81406 | Vaults:5 | Noticed Xtahua
 81974 | Vaults:5 | Killed Xtahua
 83057 | Vaults:5 | Reached XP level 23. HP: 84/125 MP: 26/44
 83341 | Vaults:5 | Got a pair of polished boots
 83345 | Vaults:5 | Identified the +1 pair of boots "Ijulalaj" {rF++} (You found it on level 5 of the Vaults)
 84135 | Vaults:5 | Found Cloari's Magic Scroll Boutique.
 84142 | Vaults:5 | Bought a scroll of identify for 28 gold pieces
 84142 | Vaults:5 | Bought a scroll of enchant armour for 77 gold pieces
 84142 | Vaults:5 | Bought 3 scrolls of magic mapping for 147 gold pieces
 84142 | Vaults:5 | Bought a scroll of noise for 14 gold pieces
 84142 | Vaults:5 | Bought a scroll of fear for 49 gold pieces
 84142 | Vaults:5 | Bought a scroll of fog for 28 gold pieces
 84142 | Vaults:5 | Bought a scroll of fear for 49 gold pieces
 84142 | Vaults:5 | Bought a scroll of identify for 28 gold pieces
 84142 | Vaults:5 | Bought a scroll of remove curse for 42 gold pieces
 84555 | Vaults:5 | Got a silver rune of Zot
 84603 | Vaults:5 | Identified the Incunabulum of the Doomed Escort
 85158 | Orc:4    | Bought a pear for 9 gold pieces
 85158 | Orc:4    | Bought a bread ration for 48 gold pieces
 85158 | Orc:4    | Bought a meat ration for 48 gold pieces
 85158 | Orc:4    | Bought a bread ration for 48 gold pieces
 85158 | Orc:4    | Bought a bread ration for 48 gold pieces
 85158 | Orc:4    | Bought a choko for 4 gold pieces
 85158 | Orc:4    | Bought a rambutan for 4 gold pieces
 85158 | Orc:4    | Bought a slice of pizza for 21 gold pieces
 85158 | Orc:4    | Bought an apple for 9 gold pieces
 85167 | Orc:4    | Bought a potion of curing for 32 gold pieces
 85167 | Orc:4    | Bought a potion of curing for 32 gold pieces
 85167 | Orc:4    | Bought a potion of curing for 32 gold pieces
 85167 | Orc:4    | Bought a potion of restore abilities for 48 gold pieces
 85188 | Orc:4    | Bought 2 potions of heal wounds for 90 gold pieces
 85188 | Orc:4    | Bought a potion of magic for 105 gold pieces
 85188 | Orc:4    | Bought a potion of porridge for 15 gold pieces
 85571 | Shoals:5 | Killed Ilsuiw
 85721 | Shoals:5 | Got a brightly glowing quarterstaff
 85728 | Shoals:5 | Identified the cursed +1,+2 quarterstaff of Jelal {elec, +Blink MR+ Int+2 SInv} (You took it off a merfolk on level 5 of the Shoals)
 85728 | Shoals:5 | Identified the cursed +1,+2 quarterstaff of Jelal {elec, +Blink MR+ Int+2 SInv} (You took it off a merfolk on level 5 of the Shoals)
 85951 | Shoals:5 | Killed Jorgrun
 86201 | Shoals:5 | Reached skill level 10 in Transmutations
 87006 | D:4      | Killed Eustachio
 87273 | Lair:2   | Learned a level 8 spell: Necromutation
 87683 | D:20     | Killed inmateoo's ghost
 88170 | D:21     | Found a one-way gate leading to the halls of Pandemonium.
 88261 | D:21     | Found a radiant altar of Vehumet.
 88365 | D:21     | Found a gateway to Hell.
 88688 | D:22     | Found Veami's Assorted Antiques.
 89719 | D:22     | Bought a scroll of teleportation for 57 gold pieces
 89719 | D:22     | Bought a potion of curing for 38 gold pieces
 89719 | D:22     | Bought a scroll of remove curse for 57 gold pieces
 90239 | D:22     | Found Eta Salu's Weapon Shop.
 91971 | D:24     | Noticed Mara
 91987 | D:24     | Killed Mara
 92041 | D:24     | Reached XP level 24. HP: 117/131 MP: 3/44
 92359 | D:24     | Learned a level 2 spell: Swiftness
 92461 | D:24     | Found a one-way gate to the infinite horrors of the Abyss.
 92620 | D:24     | Reached skill level 15 in Necromancy
 92652 | D:24     | Learned a level 5 spell: Dispel Undead
 93534 | D:25     | Entered Level 25 of the Dungeon
 95316 | D:5      | Bought a cloak for 27 gold pieces
 95316 | D:5      | Bought a cloak for 27 gold pieces
 95848 | D:19     | Killed Wiglaf
 96050 | D:20     | hurdos: Hi
 96051 | D:20     | Misa: hello
 96346 | D:25     | hurdos: How many runes?
 96346 | D:25     | Misa: this is my unluckiest char ever
 96517 | D:25     | Found a radiant altar of Vehumet.
 96517 | D:25     | Noticed an ancient lich
 96519 | D:25     | Killed an ancient lich
 96524 | D:25     | hurdos: What was wrong?
 96524 | D:25     | Misa: all. Look how many rings I found
 96524 | D:25     | Misa: this is comical
 96524 | D:25     | Misa: my items are garbage
 96536 | D:25     | Identified the Tome of Conjuration
 96639 | D:26     | hurdos: not bad like for me. I still did not find a normal amulet :) but I was lucky with rings
 96639 | D:26     | hurdos: only rage and stasis
 96639 | D:26     | Misa: my amulets sucks too...
 96663 | D:25     | hurdos: Did you pass elfs?
 96663 | D:25     | Misa: yea, long time ago.
 96663 | D:25     | Misa: not a single usefull item
 96663 | D:25     | hurdos: it was sad
 96918 | D:26     | Reached XP level 25. HP: 134/136 MP: 18/45
 96924 | D:26     | hurdos: I found bazar and book of anihilation but I was without enough money :)
 96926 | D:26     | Misa: 4 necronomicons
 96926 | D:26     | Misa: sigh
 96926 | D:26     | hurdos: wow
 96961 | D:26     | Misa: and why there are so many of this shit
 96963 | D:26     | hurdos: idk
 96996 | D:26     | hurdos: it is git version I guess :)
 97056 | D:26     | hurdos: why did you cast LRD without staff?
 97056 | D:26     | Misa: always forget to change...
 97133 | D:26     | hurdos: you can switch items if define then like 'a' and 'b' by char "'"
 97135 | D:26     | hurdos: "="
 97196 | D:26     | hurdos: then "i"
 97196 | D:26     | hurdos: then define staff
 97196 | D:26     | hurdos: 'a'
 97196 | D:26     | hurdos: try change
 97199 | D:26     | hurdos: by press "'"
 97201 | D:26     | Misa: ah. I see, thanks
 97314 | D:26     | hurdos: somebody used macros for this
 97469 | D:26     | Found a glowing golden altar of the Shining One.
 97558 | D:26     | hurdos: I think 'a' should be staff of earth and 'b' is staff of energy
 97559 | D:26     | Misa: yeah, but I need wiz to cast necromutation for now
 97635 | D:26     | hurdos: show skills please
 97791 | D:27     | Entered Level 27 of the Dungeon
 97803 | D:27     | hurdos: poor apt for necronut
 98375 | D:26     | hurdos: Did you find 'sublimat of blood' spell?
 98376 | D:26     | Misa: Don't know why I'm not using it
 98385 | D:26     | hurdos: it is very powerfull spell of restoring MP
 98419 | D:26     | Misa: I have crystal ball, training evocation now
 98455 | D:27     | hurdos: subl. is more reliable
 98589 | D:27     | hurdos: What was a level with rune do you miss?
 98595 | D:26     | hurdos: in lair
 98595 | D:26     | Misa: well, I did shoals and vaults
 98595 | D:26     | Misa: spider nest
 98723 | D:26     | hurdos: I first victory was with ~140k and 5 runes in online DCSS :)
 98723 | D:26     | hurdos: *My
 98723 | D:26     | Misa: not bad
 98723 | D:26     | Misa: I have no idea how i'll clear slimes
 98750 | D:27     | hurdos: with shatter it will be hard
 98755 | D:27     | Misa: I have freezing rod
 98755 | D:27     | Misa: may be it'll help
 98946 | D:27     | hurdos: I saw when TRJ petrified then shattered
 98952 | D:27     | hurdos: but it was hard
 98952 | D:27     | Misa: interesting idea
 98979 | D:27     | Misa: and I didn't have rCorr or cloack of preservation
 98979 | D:27     | Misa: it will be very painfull
 99146 | D:27     | hurdos: jellies around of TRJ will be very painfull
 99361 | D:26     | Reached skill level 15 in Transmutations
 99389 | D:26     | Misa: sigh
 99841 | Forest:1 | Entered Level 1 of the Enchanted Forest
 99908 | Forest:1 | hurdos: so many bodies and so many MP
 99972 | Forest:1 | Noticed Donald
 99974 | Forest:1 | Killed Donald
100864 | Forest:1 | Misa: how annoying this shit can be...
101021 | Forest:2 | Noticed Jory
101147 | Forest:2 | hurdos: Are you about flying monsters?
101150 | Forest:2 | Misa: yes, and my iron shot is like 85% miss chance
101164 | Forest:3 | hurdos: iron shot is not my favorite spell ^)
101187 | Forest:2 | hurdos: Did you find some fire spells?
101188 | Forest:2 | Misa: my conjur is zero
101450 | Forest:2 | Found a staircase to the Tomb.
101467 | Forest:2 | hurdos: shatter?!
101468 | Forest:2 | Misa: saving mp
101524 | Forest:2 | hurdos: Are you looking something in Forest?
101524 | Forest:2 | Misa: yeah, I'll kill Jory and will do Tomb
101626 | Forest:2 | hurdos: I guess you can go to Tomb right now :) Jory has poor exp for you at now
101632 | Forest:2 | Killed Jory
101650 | Forest:2 | hurdos: poor Jory
101651 | Tomb:1   | Entered Level 1 of the Tomb of the Ancients
101713 | Tomb:1   | Misa: -5 int in one cast
101713 | Tomb:1   | hurdos: holy shit
101715 | Tomb:1   | hurdos: who was it?
101716 | Tomb:1   | Misa: effect after killing mummy
101718 | Tomb:1   | hurdos: simple mummy?
101724 | Tomb:1   | Misa: guardian
101750 | Tomb:1   | hurdos: I see but it is awesome
101921 | Tomb:1   | hurdos: Did you have stones?
101923 | Tomb:1   | Misa: no, why?
101970 | Tomb:1   | hurdos: I guess it should increase powerful of earth spells
101974 | Tomb:1   | Reached XP level 26. HP: 141/141 MP: 11/45
101988 | Forest:2 | Misa: only throw sand
102052 | Tomb:1   | hurdos: ok, idk if truly
102419 | Tomb:1   | Noticed a greater mummy
102426 | Tomb:1   | Killed a greater mummy
103383 | Tomb:1   | Noticed a greater mummy
103392 | Tomb:1   | Killed a greater mummy
104031 | Tomb:1   | Noticed a greater mummy
104045 | Tomb:1   | Killed a greater mummy
104253 | Tomb:2   | Noticed a greater mummy
104254 | Tomb:2   | Noticed a greater mummy
104254 | Tomb:2   | Noticed a greater mummy
104255 | Tomb:2   | Noticed a greater mummy
104256 | Tomb:2   | Killed a greater mummy
104257 | Tomb:2   | Killed a greater mummy
104257 | Tomb:2   | Killed a greater mummy
104258 | Tomb:2   | Killed a greater mummy
105194 | Tomb:3   | Entered Level 3 of the Tomb of the Ancients
105241 | Tomb:3   | Noticed a greater mummy
105244 | Tomb:3   | Noticed a greater mummy
105245 | Tomb:3   | Noticed a greater mummy
105346 | Tomb:3   | Killed a greater mummy
105347 | Tomb:3   | Noticed a greater mummy
105347 | Tomb:3   | Killed a greater mummy
105348 | Tomb:3   | Noticed a greater mummy
105350 | Tomb:3   | Noticed a greater mummy
105350 | Tomb:3   | Noticed a greater mummy
105411 | Tomb:3   | Noticed a greater mummy
105412 | Tomb:3   | Killed a greater mummy
105413 | Tomb:3   | Killed a greater mummy
105413 | Tomb:3   | Killed a greater mummy
105414 | Tomb:3   | Killed a greater mummy
105415 | Tomb:3   | Killed a greater mummy
105415 | Tomb:3   | Killed a greater mummy
105415 | Tomb:3   | Reached XP level 27. HP: 140/146 MP: 41/46
105416 | Tomb:3   | Noticed a greater mummy
105521 | Tomb:3   | Killed a greater mummy
105571 | Tomb:3   | Got a golden rune of Zot
106181 | Tomb:3   | Identified the Compendium of Damaging Flight
106370 | Tomb:3   | Identified a +6 rod of warding (14/14) (You found it on level 3 of the Tomb of the Ancients)
107066 | Lair:1   | Gained mutation: Armour fits poorly on your strangely shaped body. [mutagenic glow]
107549 | Lair:2   | Lost mutation: Armour fits poorly on your strangely shaped body. [potion of cure mutation]
107582 | Lair:2   | hurdos: How are you there?
107582 | Lair:2   | Misa: bad. Not a single good item in tomb
107896 | Forest:1 | hurdos: what is slime?
107950 | Tomb:1   | Noticed a greater mummy
107951 | Tomb:1   | Noticed a greater mummy
107952 | Tomb:1   | Noticed a greater mummy
107952 | Tomb:1   | Noticed a greater mummy
107953 | Tomb:1   | Killed a greater mummy
107976 | Forest:2 | Misa: huh?
108069 | Tomb:1   | Killed a greater mummy
108069 | Tomb:1   | Reached skill level 5 in Stealth
108069 | Tomb:1   | Killed a greater mummy
108074 | Tomb:1   | Killed a greater mummy
108117 | Tomb:1   | Noticed a greater mummy
108122 | Tomb:1   | Killed a greater mummy
108153 | Forest:2 | hurdos: Did not you pass it?
108156 | Forest:2 | Misa: no, no rCorr
108241 | Tomb:1   | Noticed a greater mummy
108242 | Tomb:1   | Noticed a greater mummy
108242 | Tomb:1   | Noticed a greater mummy
108243 | Tomb:1   | Killed a greater mummy
108243 | Tomb:1   | hurdos: I got slimy rune without rCorr :)
108243 | Tomb:1   | Reached skill level 10 in Stealth
108245 | Tomb:1   | Killed a greater mummy
108247 | Tomb:1   | Killed a greater mummy
108398 | Tomb:1   | Noticed a greater mummy
108405 | Tomb:1   | Killed a greater mummy
108556 | Tomb:1   | Noticed a greater mummy
108561 | Tomb:1   | Killed a greater mummy
108602 | Tomb:1   | Noticed a greater mummy
108607 | Tomb:1   | Killed a greater mummy
108735 | Tomb:1   | Noticed a greater mummy
108752 | Tomb:1   | Killed a greater mummy
108752 | Tomb:1   | Reached skill level 15 in Stealth
108760 | Tomb:1   | Noticed a greater mummy
108799 | Tomb:1   | Noticed a greater mummy
108803 | Tomb:1   | Killed a greater mummy
108939 | Tomb:1   | Killed a greater mummy
109021 | Tomb:1   | Noticed a greater mummy
109027 | Tomb:1   | Killed a greater mummy
109030 | Tomb:1   | Noticed a greater mummy
109030 | Tomb:1   | Noticed a greater mummy
109031 | Tomb:1   | Noticed a greater mummy
109032 | Tomb:1   | Noticed a greater mummy
109033 | Tomb:1   | Noticed a greater mummy
109033 | Tomb:1   | Killed a greater mummy
109036 | Tomb:1   | Killed a greater mummy
109036 | Tomb:1   | Killed a greater mummy
109037 | Tomb:1   | Killed a greater mummy
109037 | Tomb:1   | Killed a greater mummy
111205 | Forest:3 | Noticed Boris
111335 | Forest:5 | Entered Level 5 of the Enchanted Forest
112542 | Forest:5 | Noticed the Enchantress
112545 | Forest:5 | Killed the Enchantress
112844 | Forest:5 | Got a faerie dragon armour
112846 | Forest:5 | Identified the +3 faerie dragon armour {Dex+2 Stlth--} (You took it off the Enchantress on level 5 of the Enchanted Forest)
113937 | Spider:1 | Entered Level 1 of the Spider Nest
114325 | Spider:1 | Identified a +1 rod of frigid destruction (11/11) (You found it on level 1 of the Spider Nest)
115965 | Spider:5 | Entered Level 5 of the Spider Nest
116512 | Spider:5 | Got a gossamer rune of Zot
117566 | Hell     | Entered the Vestibule of Hell
117566 | Hell     | Noticed Geryon
117603 | Hell     | Killed Geryon
118050 | Hell     | Found a gateway to the decaying netherworld of Tartarus.
118072 | Hell     | Found a gateway to the ashen valley of Gehenna.
118165 | Hell     | Found a gateway to the Iron City of Dis.
118206 | Hell     | Found a gateway to the freezing wastes of Cocytus.
118385 | Tar:1    | Entered Level 1 of Tartarus
118464 | Hell     | Upgraded the game from 0.14-a0-40-g75911bd to 0.14-a0-50-gc6ee670
120437 | Slime:1  | Entered Level 1 of the Pits of Slime
120441 | Slime:1  | Reached skill level 1 in Unarmed Combat
121994 | Slime:6  | Entered Level 6 of the Pits of Slime
122213 | Slime:6  | Found a viscous altar of Jiyva.
122224 | Slime:6  | Reached skill level 5 in Unarmed Combat
122312 | Slime:6  | Noticed the royal jelly
123620 | Slime:6  | Paralysed by a giant eyeball for 4 turns
123799 | Slime:6  | Got a slimy rune of Zot
124808 | Slime:6  | Got a heavily runed steel ring
124961 | Slime:5  | Identified the ring of Xilitz {Int+2 Acc+5 Dam+5} (You found it on level 6 of the Pits of Slime)
125246 | Slime:6  | Got a smoking platinum ring
125268 | Slime:5  | Identified the ring "Coijog Aros" {rN+ Str+2 Stlth} (You found it on level 6 of the Pits of Slime)
125965 | Tar:2    | Paralysed by the effects of Hell for 2 turns
125981 | Hell     | Upgraded the game from 0.14-a0-50-gc6ee670 to 0.14-a0-240-g07e69d7
125981 | Hell     | Upgraded the game from 0.14-a0-240-g07e69d7 to 0.14-a0-1168-gf5005bf
125981 | Hell     | Quit the game

Action                   |  1- 3 |  4- 6 |  7- 9 | 10-12 | 13-15 | 16-18 | 19-21 | 22-24 | 25-27 || total
-------------------------+-------+-------+-------+-------+-------+-------+-------+-------+-------++-------
Melee: Dagger            |    60 |    28 |       |       |       |       |       |       |       ||    88
       Hand axe          |       |    25 |   194 |   110 |       |       |       |       |       ||   329
       Staff             |       |       |       |   130 |   219 |    59 |   191 |   178 |   103 ||   880
       Rod               |       |       |       |       |       |     1 |       |       |    14 ||    15
       Unarmed           |       |       |       |       |       |       |       |       |    55 ||    55
 Cast: Sandblast         |    72 |    82 |    15 |     1 |       |       |       |       |       ||   170
       Stone Arrow       |     1 |    22 |    36 |   178 |   543 |   112 |   299 |    52 |     1 ||  1244
       Lee's Rapid Decon |       |       |    60 |   213 |   401 |   352 |   637 |   380 |    83 ||  2126
       Blink             |       |       |       |     2 |    44 |    14 |    17 |     2 |    15 ||    94
       Shatter           |       |       |       |       |     8 |    20 |    19 |   172 |   517 ||   736
       Apportation       |       |       |       |       |     1 |    12 |    20 |     6 |    22 ||    61
       Iron Shot         |       |       |       |       |       |    48 |    61 |    59 |   322 ||   490
       Regeneration      |       |       |       |       |       |     5 |     3 |     6 |    11 ||    25
       Dig               |       |       |       |       |       |     6 |     9 |    10 |    15 ||    40
       Control Teleport  |       |       |       |       |       |       |       |     2 |       ||     2
       Necromutation     |       |       |       |       |       |       |       |    45 |   260 ||   305
       Swiftness         |       |       |       |       |       |       |       |    16 |   162 ||   178
       Dispel Undead     |       |       |       |       |       |       |       |     8 |   176 ||   184
       Stoneskin         |       |       |       |       |       |       |       |       |     1 ||     1
 Abil: Evoke Invisibilit |       |       |       |       |    21 |       |       |       |       ||    21
       Fly               |       |       |       |       |     1 |       |       |     1 |     2 ||     4
       Stop Flying       |       |       |       |       |       |       |       |     1 |     1 ||     2
       End Transformatio |       |       |       |       |       |       |       |     1 |    12 ||    13
Evoke: Wand              |       |     4 |       |     8 |     5 |     4 |     3 |     4 |     2 ||    30
       Rod               |       |       |       |       |       |    66 |       |     1 |   140 ||   207
       Miscellaneous     |       |       |       |       |       |       |       |   499 |  2348 ||  2847
  Use: Scroll            |       |    10 |     6 |    25 |    15 |    22 |    11 |    20 |    24 ||   133
       Potion            |       |       |       |     1 |     2 |     7 |     5 |     1 |    33 ||    49
 Stab: Sleeping          |       |     2 |     2 |     2 |     3 |     2 |       |     1 |     3 ||    15
       Distracted        |       |     1 |     1 |     1 |       |       |       |       |       ||     3
       Invisible         |       |       |       |       |     4 |       |       |       |       ||     4
